[Event "Titled Tuesday Blitz April 4 Early 2023"]
[White "Samunenkov, Ihor"]
[Black "Janaszak, Dawid"]
[WhiteFideId "14187086"]
[BlackFideId "1119206"]
[WhiteElo "2457"]
[BlackElo "2220"]
[Result "1/2-1/2"]
[Round "05"]
[TimeControl "180+2"]
[Date "2023.04.04"]
[WhiteClock "0:00:03"]
[BlackClock "0:00:08"]

1. e4 c5 2. Nf3 Nc6 3. Bb5 e5 4. O-O Nge7 5. c3 g6 6. d4 cxd4 7. cxd4 exd4 8. Nxd4 Bg7 9. Be3 O-O 10. Nc3 d5 11. exd5 Nxd5 12. Nxc6 bxc6 13. Nxd5 Qxd5 14. Qxd5 cxd5 15. Bc6 Rb8 16. Bxa7 Rxb2 17. Bxd5 Bb7 18. Bb3 Ra8 19. Rac1 Rxa7 20. Rc7 Be5 21. Rd7 Kh8 22. h4 h5 23. Rxf7 Bd4 24. Rd1 Rxf2 25. Rxf2 Bxf2+ 26. Kxf2 Be4 27. g3 Kg7 28. Rd6 Bf5 29. Rb6 Rc7 30. a4 Rc3 31. a5 Be4 32. Rb4 Rf3+ 33. Ke2 Bc6 34. Ba4 Bd5 35. Rd4 Ba8 36. Rd8 Be4 37. Rd4 Ba8 38. Rd3 Rf5 39. Rd7+ Kh6 40. Ra7 Bf3+ 41. Ke3 Bg2 42. a6 Rf3+ 43. Kd4 Rxg3 44. Bd7 Ra3 45. Kc5 Bf1 46. Bb5 Bg2 47. Rc7 Rc3+ 48. Kb6 Ra3 49. a7 Bf3 50. Rc8 Be4 51. Bc6 Rb3+ 52. Kc7 Ra3 53. Bxe4 Rxa7+ 54. Kb6 Ra4 55. Bc6 Rxh4 56. Re8 Rg4 57. Kc5 Kg5 58. Bd5 Rf4 59. Kd6 Rf6+ 60. Ke5 Rf5+ 61. Kd4 Rf6 62. Be4 Rf4 63. Ke3 Rf6 64. Re5+ Kh6 65. Bf3 Kg7 66. Kf2 Kh6 67. Kg3 Kg7 68. Ra5 Kh6 69. Be4 Re6 70. Ra4 Rb6 71. Kf4 Rf6+ 72. Ke5 Rb6 73. Ra8 Rb5+ 74. Bd5 Kg5 75. Rg8 Rb6 76. Be4 Ra6 77. Kd4 Rb6 78. Kc5 Rf6 79. Kd5 h4 80. Ke5 Rb6 81. Kd4 Rd6+ 82. Ke3 Rf6 83. Bf3 Re6+ 84. Kf2 Rf6 85. Kg2 Rd6 86. Rf8 Rd2+ 87. Kh3 Rd3 88. Rf7 Rc3 89. Kh2 Rb3 90. Bg2 Rc3 91. Ra7 Rg3 92. Ra5+ Kh6 93. Ra4 g5 94. Ra6+ Kg7 95. Be4 Rg4 96. Bf5 Rg3 97. Bh3 Re3 98. Bg2 Rg3 99. Ra5 Kf7 100. Ra6 Kg7 1/2-1/2


[Site "https://www.chess.com"]

[Event "Titled Tuesday Blitz April 4 Early 2023"]
[White "Flores, Diego"]
[Black "Castellanos Villela, Alejandro"]
[WhiteFideId "108049"]
[BlackFideId "3446379"]
[WhiteElo "2613"]
[BlackElo "2103"]
[Result "1-0"]
[Round "05"]
[TimeControl "180+2"]
[Date "2023.04.04"]
[WhiteClock "0:00:13"]
[BlackClock "0:00:04"]

1. Nf3 b6 2. g3 Bb7 3. Bg2 c5 4. O-O Nf6 5. d3 d5 6. e4 dxe4 7. Ng5 e6 8. Nxe4 Nc6 9. Nxf6+ Qxf6 10. Nc3 O-O-O 11. a4 h5 12. h4 Qe7 13. Re1 Qd7 14. Be3 Be7 15. Nb5 a6 16. Na3 Nd4 17. Nc4 Qc7 18. Bf4 Bd6 19. Nxd6+ Rxd6 20. Bxd6 Qxd6 21. Bxb7+ Kxb7 22. c3 Nf5 23. Qf3+ Ka7 24. a5 b5 25. b4 cxb4 26. cxb4 Qxb4 27. Rac1 Qd6 28. Rc6 Qd5 29. Qxd5 exd5 30. Re5 Nd4 31. Rc7+ Kb8 32. Rxf7 Rd8 33. Ree7 Nc6 34. Rb7+ Ka8 35. Rb6 Nb8 36. Rxg7 Rc8 37. Kg2 Rc6 38. Rxc6 Nxc6 39. Rg6 Kb7 40. g4 hxg4 41. h5 Ne5 42. Rg7+ Kc6 43. h6 Nf3 44. h7 Nh4+ 45. Kf1 Nf5 46. Rg6+ Kc5 47. h8=Q 1-0


[Site "https://www.chess.com"]

[Event "Titled Tuesday Blitz April 4 Early 2023"]
[White "Oleksiyenko, Mykhaylo"]
[Black "Grunberg, Mihai-Lucian"]
[WhiteFideId "4152417"]
[BlackFideId "1204149"]
[WhiteElo "2551"]
[BlackElo "2363"]
[Result "1-0"]
[Round "05"]
[TimeControl "180+2"]
[Date "2023.04.04"]
[WhiteClock "0:00:22"]
[BlackClock "0:00:57"]

1. e4 Nf6 2. e5 Nd5 3. d4 d6 4. c4 Nb6 5. exd6 cxd6 6. Nf3 g6 7. Nc3 Bg7 8. Be2 O-O 9. O-O Nc6 10. h3 Bf5 11. Be3 d5 12. c5 Nc4 13. Bxc4 dxc4 14. d5 Na5 15. Bd4 Bd3 16. Bxg7 Kxg7 17. Re1 b6 18. b4 Nb7 19. c6 Nd6 20. Ne5 Bf5 21. Qd4 Kg8 22. Nxc4 Nxc4 23. Qxc4 Rc8 24. b5 h5 25. Qb4 Re8 26. Re3 Qd6 27. Qxd6 exd6 28. Rae1 Rxe3 29. Rxe3 Kf8 30. Ne4 Bxe4 31. Rxe4 Rc7 32. Kf1 a5 33. bxa6 Ra7 34. Rb4 Rxa6 35. c7 Ra8 36. Rxb6 1-0


[Site "https://www.chess.com"]

[Event "Titled Tuesday Blitz April 4 Early 2023"]
[White "Omelja, Artem"]
[Black "Kilic, Eray"]
[WhiteFideId "14119846"]
[BlackFideId "44517173"]
[WhiteElo "2404"]
[BlackElo "2328"]
[Result "0-1"]
[Round "05"]
[TimeControl "180+2"]
[Date "2023.04.04"]
[WhiteClock "0:00:05"]
[BlackClock "0:00:12"]

1. e4 c5 2. Nf3 d6 3. Bb5+ Nd7 4. d4 cxd4 5. Qxd4 e5 6. Qd3 a6 7. Bxd7+ Bxd7 8. c4 b5 9. Nc3 bxc4 10. Qxc4 Be6 11. Qc6+ Bd7 12. Qc4 Qc8 13. Qd3 Qb7 14. O-O h6 15. b3 Nf6 16. h3 Bc6 17. Re1 Be7 18. Ba3 O-O 19. Rac1 Rfd8 20. Nd5 Bxd5 21. exd5 Qxd5 22. Qxd5 Nxd5 23. Red1 Nf4 24. Rd2 e4 25. Nd4 Bg5 26. h4 Bxh4 27. Nc6 Re8 28. Bxd6 Nd3 29. Rc4 Re6 30. Rd4 Rc8 31. Nb4 Rc1+ 32. Kh2 Nxf2 33. g3 e3 34. Re2 Bf6 35. Rd5 a5 36. Nd3 Rd1 37. Nf4 Rxd5 38. Nxd5 Rxd6 39. Nxe3 Ne4 40. Nf5 Re6 41. Kg2 Nc3 42. Rc2 h5 43. Kf3 g6 44. Ne3 Nb5 45. Rc8+ Kg7 46. Nc4 Nd6 47. Nxd6 Rxd6 48. Ra8 Bc3 49. a3 Rd3+ 50. Kg2 Be1 51. g4 hxg4 52. b4 axb4 53. axb4 Bxb4 54. Ra4 Rb3 55. Kh1 Kh6 56. Ra1 f5 57. Ra8 Kg5 58. Kg2 f4 59. Rb8 Rb2+ 60. Kh1 g3 61. Rb6 f3 62. Rb5+ Kg4 63. Rc5 g2+ 64. Kh2 g1=B+ 65. Kh1 Rh2+ 66. Kxg1 Bxc5+ 67. Kxh2 Kf4 68. Kh1 g5 69. Kh2 g4 70. Kh1 Ke3 71. Kh2 f2 72. Kg2 Ke2 73. Kh2 f1=Q 74. Kg3 Qf3+ 75. Kh4 g3 76. Kh3 g2+ 77. Kh4 Be7# 0-1


[Site "https://www.chess.com"]

[Event "Titled Tuesday Blitz April 4 Early 2023"]
[White "Hasangatin, Ramil"]
[Black "Sharapov, Evgeny"]
[WhiteFideId "4122160"]
[BlackFideId "14103133"]
[WhiteElo "2275"]
[BlackElo "2367"]
[Result "1/2-1/2"]
[Round "05"]
[TimeControl "180+2"]
[Date "2023.04.04"]
[WhiteClock "0:00:45"]
[BlackClock "0:01:42"]

1. e4 c5 2. Nf3 d6 3. d4 cxd4 4. Qxd4 e5 5. Bb5+ Nd7 6. Qd3 h6 7. c4 Nf6 8. Nc3 Be7 9. Nd2 O-O 10. Bxd7 Bxd7 11. Nf1 a6 12. Ne3 b5 13. cxb5 axb5 14. O-O b4 15. Ncd5 Nxd5 16. Nxd5 Rb8 17. Rd1 Bg5 18. Be3 Bb5 19. Qb3 Bxe3 20. Nxe3 Bc6 21. Nd5 Bxd5 22. Qxd5 Rb6 23. a4 bxa3 24. bxa3 Ra6 25. a4 Qa5 26. f3 Rfa8 27. Qc4 Qc5+ 28. Qxc5 dxc5 29. Rd5 Rxa4 30. Rxa4 Rxa4 31. Rxc5 f6 32. Rc7 Ra2 33. h4 h5 34. Kh2 Kh7 35. Kg3 Kg6 36. Rd7 Rb2 37. Rc7 Ra2 38. Rd7 Rc2 39. Rb7 Rd2 40. Rc7 Rb2 41. Rd7 Ra2 42. Rc7 Rb2 43. Rd7 Ra2 44. Rc7 Rb2 1/2-1/2


[Site "https://www.chess.com"]

[Event "Titled Tuesday Blitz April 4 Early 2023"]
[White "Ahn, Hongjin"]
[Black "Iliaguev, Nisim"]
[WhiteFideId "13201492"]
[BlackFideId "2817276"]
[WhiteElo "2182"]
[BlackElo "2241"]
[Result "1-0"]
[Round "05"]
[TimeControl "180+2"]
[Date "2023.04.04"]
[WhiteClock "0:00:10"]
[BlackClock "0:00:10"]

1. e4 c6 2. d4 d5 3. e5 Bf5 4. Nd2 e6 5. Nb3 h6 6. Nf3 Ne7 7. Be2 Nd7 8. O-O c5 9. c4 Nc6 10. cxd5 exd5 11. dxc5 Nxc5 12. Be3 Nxb3 13. Qxb3 Qd7 14. Rfd1 Be6 15. Nd4 Be7 16. Nxe6 fxe6 17. Bh5+ Kd8 18. f4 Rf8 19. Rac1 g5 20. fxg5 Bxg5 21. Bc5 Be7 22. Bg4 Rf4 23. Bf3 Kc7 24. Qe3 Raf8 25. Bxa7 Bg5 26. Bb6+ Kb8 27. Qa3 Be7 28. Qb3 Rb4 29. Qe3 Bg5 30. Qf2 Bxc1 31. Rxc1 Rc8 32. Bc5 Rb5 33. Bd6+ Ka8 34. Qc2 Na7 35. Qd2 Rxc1+ 36. Qxc1 Qc6 37. Qxh6 Rxb2 38. h4 Nc8 39. Qf8 Ka7 40. Bc5+ b6 41. Be3 Rxa2 42. h5 Ra3 43. Bf2 Qc1+ 44. Kh2 Qg5 45. Bg3 Rxf3 46. Qxf3 Ne7 47. Qf7 Ka6 48. Bf4 Qh4+ 49. Kg1 Nf5 50. g3 Qh3 51. Qxe6 Qxh5 52. Qc8+ Kb5 53. Qd7+ Ka6 54. Qc8+ Kb5 55. Qd7+ Kc4 56. Qc6+ Kd4 57. Qxb6+ Ke4 58. Qb1+ Kd4 59. Qb2+ Ke4 60. Qc2+ Kd4 61. Qd2+ Ke4 62. Qe1+ Kd4 63. Qf2+ Ke4 64. Qg2+ Kd4 65. Qd2+ Kc5 66. Qc3+ Kb5 67. Qb3+ Kc5 68. Qa3+ Kc4 69. Qa4+ Kc5 70. Qa5+ Kc4 71. Qa6+ Kc5 72. Qc8+ Kd4 73. Qc1 Qf3 74. Qb2+ Kc5 75. Qc2+ Kd4 76. Qxf5 Qd1+ 77. Kh2 Qe2+ 78. Kh3 Qf1+ 79. Kg4 Qe2+ 80. Kg5 Qg2 81. e6 Kc4 82. e7 Qe2 83. Qe5 1-0


[Site "https://www.chess.com"]

[Event "Titled Tuesday Blitz April 4 Early 2023"]
[White "Eynullayev, Atilla"]
[Black "Horvath, Dominik"]
[WhiteFideId "13413570"]
[BlackFideId "1642561"]
[WhiteElo "2181"]
[BlackElo "2407"]
[Result "0-1"]
[Round "05"]
[TimeControl "180+2"]
[Date "2023.04.04"]
[WhiteClock "0:00:01"]
[BlackClock "0:00:18"]

1. d4 Nf6 2. c4 e6 3. Nc3 Bb4 4. e3 O-O 5. Bd3 c5 6. Nf3 d5 7. cxd5 exd5 8. dxc5 Nbd7 9. Bd2 Nxc5 10. Be2 Ne6 11. Qb3 Ba5 12. O-O d4 13. exd4 Nxd4 14. Nxd4 Qxd4 15. Rad1 Qe5 16. Rfe1 Bc7 17. g3 Qf5 18. Nb5 Bb6 19. Qf3 Qg6 20. Be3 Bg4 21. Qf4 Bxe3 22. Qxe3 Rfe8 23. Qd2 Ne4 24. Qc2 Nxg3 25. Qxg6 Nxe2+ 26. Rxe2 hxg6 27. Rxe8+ Rxe8 28. Rd4 Bf3 29. Kf1 Be2+ 30. Kg2 Bxb5 0-1


[Site "https://www.chess.com"]

[Event "Titled Tuesday Blitz April 4 Early 2023"]
[White "Cherniaiev, Tykhon"]
[Black "Mortazavi, Ali"]
[WhiteFideId "14182360"]
[BlackFideId "401323"]
[WhiteElo "2450"]
[BlackElo "2339"]
[Result "1-0"]
[Round "05"]
[TimeControl "180+2"]
[Date "2023.04.04"]
[WhiteClock "0:00:54"]
[BlackClock "0:00:15"]

1. Nf3 Nf6 2. d4 g6 3. c4 Bg7 4. Nc3 O-O 5. e4 d6 6. Be2 Bg4 7. O-O Nbd7 8. h3 Bxf3 9. Bxf3 e5 10. Be3 c6 11. a3 a6 12. Qc2 b5 13. cxb5 axb5 14. Rad1 Qe7 15. d5 cxd5 16. Nxd5 Nxd5 17. Rxd5 Rfb8 18. Rfd1 Bf8 19. Rxd6 Rb7 20. Qc6 Nb8 21. Qc8 Rc7 22. Qd8 Kg7 23. Bg5 Qxd8 24. Rxd8 f6 25. Bh6+ Kxh6 26. Rxf8 Rb7 27. Rdd8 b4 28. Kh2 b3 29. Be2 Rb6 30. Bc4 Kg7 31. Bd5 Rxa3 32. Rxb8 Rxb8 33. Rxb8 Ra1 34. Rxb3 Kh6 35. Rb7 Rb1 36. Bg8 Kg5 37. g3 h5 38. h4+ Kg4 39. Kg2 1-0


[Site "https://www.chess.com"]

[Event "Titled Tuesday Blitz April 4 Early 2023"]
[White "Csonka, Balazs"]
[Black "Bayo Milagro, Alvaro"]
[WhiteFideId "742910"]
[BlackFideId "22275240"]
[WhiteElo "2404"]
[BlackElo "2270"]
[Result "1-0"]
[Round "05"]
[TimeControl "180+2"]
[Date "2023.04.04"]
[WhiteClock "0:00:05"]
[BlackClock "0:00:04"]

1. d4 Nf6 2. Bf4 b6 3. Nc3 Bb7 4. f3 d5 5. e4 dxe4 6. fxe4 Nxe4 7. Qf3 Nd6 8. Bb5+ Nd7 9. Bc6 Bxc6 10. Qxc6 e6 11. Nf3 Be7 12. Ne5 Rc8 13. O-O f6 14. Rae1 fxe5 15. Bxe5 Bf6 16. Bxd6 cxd6 17. Rxe6+ Kf7 18. Qd5 Kg6 19. Ne4 Re8 20. Qf5+ Kf7 21. Ng5+ Kf8 22. Qxh7 Rxe6 23. Nxe6+ Ke7 24. Nxd8 Kxd8 25. c3 Kc7 26. Rxf6 gxf6 27. h4 b5 28. h5 Re8 29. h6 Re2 30. Qg7 Kc6 31. h7 1-0


[Site "https://www.chess.com"]

[Event "Titled Tuesday Blitz April 4 Early 2023"]
[White "Gubajdullin, Alexei"]
[Black "Yanchenko, Roman"]
[WhiteFideId "4141202"]
[BlackFideId "4137329"]
[WhiteElo "2279"]
[BlackElo "2491"]
[Result "0-1"]
[Round "05"]
[TimeControl "180+2"]
[Date "2023.04.04"]
[WhiteClock "0:00:11"]
[BlackClock "0:01:46"]

1. d4 d5 2. Nf3 c6 3. Bf4 Bf5 4. e3 e6 5. c4 Qb6 6. Qb3 Qxb3 7. axb3 Bxb1 8. Rxb1 Bb4+ 9. Kd1 Nf6 10. Bd3 Nbd7 11. Ke2 a6 12. Ne1 Nh5 13. Bg3 Nxg3+ 14. hxg3 Bxe1 15. Rbxe1 Ke7 16. Ra1 h5 17. f4 g6 18. c5 Kf6 19. b4 Kg7 20. Kf3 f6 21. g4 e5 22. dxe5 fxe5 23. Bc2 e4+ 24. Kg3 hxg4 25. Kxg4 Nf6+ 26. Kg3 Raf8 27. Rxh8 Rxh8 28. Bd1 Rh1 29. Rb1 Rf1 30. Kh2 Ng4+ 31. Bxg4 Rxb1 32. Bc8 Rxb2 33. Bxb7 Rxb4 34. Bxc6 d4 35. exd4 Rxd4 36. Bb7 a5 37. Ba6 Rd5 38. Bb7 Rxc5 39. Bxe4 a4 40. Bb1 a3 41. Ba2 Rc2 42. Bd5 a2 43. Bxa2 Rxa2 44. Kg3 Kf6 45. Kg4 Rxg2+ 46. Kf3 Ra2 47. Kg4 Ra4 48. Kf3 Kf5 49. Kg3 Rxf4 50. Kh3 Ke4 51. Kg3 Ke3 52. Kh3 Kf2 53. Kh2 Rh4# 0-1


[Site "https://www.chess.com"]

[Event "Titled Tuesday Blitz April 4 Early 2023"]
[White "Sreyas Payyappat"]
[Black "Levitskiy, Andrey"]
[WhiteFideId "46674969"]
[BlackFideId "14132885"]
[WhiteElo "2083"]
[BlackElo "2341"]
[Result "1-0"]
[Round "05"]
[TimeControl "180+2"]
[Date "2023.04.04"]
[WhiteClock "0:00:13"]
[BlackClock "0:00:02"]

1. e4 e6 2. d4 d5 3. Nc3 Bb4 4. e5 c5 5. a3 Bxc3+ 6. bxc3 Qa5 7. Bd2 Qa4 8. Qg4 Kf8 9. Ra2 Nc6 10. Nf3 Nge7 11. h4 b6 12. Qf4 cxd4 13. Ng5 Nd8 14. cxd4 h6 15. Nf3 Ba6 16. Bxa6 Qxa6 17. Bb4 Nc6 18. c3 Rc8 19. Qd2 Ke8 20. Qe2 Qxe2+ 21. Kxe2 Kd7 22. Rc1 a5 23. Bd6 Nf5 24. Rb2 Nxd6 25. exd6 Rb8 26. Rcb1 Kxd6 27. Rxb6 Rxb6 28. Rxb6 Rb8 29. Rxb8 Nxb8 30. Ne5 f6 31. Nd3 e5 32. dxe5+ fxe5 33. f4 exf4 34. Nxf4 Nc6 35. Ke3 Ke5 36. Ng6+ Kf6 37. Nf4 Ne7 38. Kd4 Kf5 39. Nxd5 Nc6+ 40. Kc5 Ne5 41. c4 Kg4 42. Ne3+ Kxh4 43. Nf5+ Kg4 44. Nxg7 h5 45. Ne6 h4 46. Kd5 Nf7 47. c5 Kg3 48. c6 Kxg2 49. c7 h3 50. Nf4+ Kg3 51. c8=Q h2 52. Qh3+ Kxf4 53. Qxh2+ Kf5 54. Qf2+ Kg6 55. Ke6 1-0


[Site "https://www.chess.com"]

[Event "Titled Tuesday Blitz April 4 Early 2023"]
[White "Tifferet, Shaked"]
[Black "Skvortsov, Andrei"]
[WhiteFideId "2811529"]
[BlackFideId "24108600"]
[WhiteElo "2142"]
[BlackElo "2259"]
[Result "1/2-1/2"]
[Round "05"]
[TimeControl "180+2"]
[Date "2023.04.04"]
[WhiteClock "0:00:20"]
[BlackClock "0:00:34"]

1. d4 g6 2. e4 Bg7 3. Nf3 e6 4. c3 a6 5. h4 h6 6. Nbd2 b6 7. Bd3 Bb7 8. Qe2 d6 9. Nf1 Nd7 10. Ng3 c5 11. Be3 Ne7 12. Rd1 Qc7 13. O-O b5 14. a3 Nf6 15. Nh2 d5 16. exd5 c4 17. dxe6 cxd3 18. exf7+ Kxf7 19. Qxd3 Qc6 20. f3 Ned5 21. Bc1 Rhe8 22. Rde1 Rxe1 23. Rxe1 Re8 24. Rf1 Bc8 25. Ne4 Kg8 26. Re1 Bf5 27. g4 Bd7 28. Nf1 Nb6 29. Nfg3 Nc4 30. Kf2 Nd5 31. h5 g5 32. Nc5 Rxe1 33. Kxe1 Be8 34. Nf5 Bf8 35. Qe4 Ncb6 36. Ne6 Nf6 37. Qe5 Nbd7 38. Nxf8 Nxe5 39. dxe5 Kxf8 40. exf6 Qxf3 41. Be3 Qxg4 42. Bc5+ Kf7 43. Nxh6+ Kxf6 44. Nxg4+ Kf5 45. Ne3+ Ke4 46. h6 Bg6 47. Bd4 Kf4 48. Kf2 g4 49. Kg2 Bh7 50. Bg7 Kg5 51. Nd5 a5 52. Nf6 Bd3 53. b4 axb4 54. cxb4 Kg6 55. Nd5 Be4+ 56. Kg3 Bxd5 57. Kxg4 Bb3 58. Kf4 Ba4 59. Ke5 Kh7 60. Kd4 Kg6 61. Kc5 Kh7 62. Kd6 Kg6 63. Ke7 Kh7 64. Kf8 Bd1 65. Ke8 Ba4 66. Kd7 Bd1 67. Kd6 Ba4 68. Kc5 Kg6 69. Kd5 Kh7 70. Ke5 Kg6 71. Kf4 Kh7 72. Kg5 Bd1 73. Bd4 Ba4 74. Be3 Bb3 75. Kf6 Ba4 76. Ke5 Bb3 77. Kd4 Ba4 78. Kc3 Kg6 79. Kd2 Kh7 80. Kd3 Kg6 81. Kd4 Kh7 82. Kc5 Kg6 83. Kd6 Kh7 84. Ke7 Bb3 85. Kd7 Ba4 86. Bd2 Kg6 87. Kc6 Kh7 88. Kc5 Kg6 89. Kd4 Kh7 90. Ke5 Kg6 91. Kd4 Kh7 92. Bf4 Kg6 93. Kc5 Kh7 94. Kd6 Kg6 95. Bc1 Kh7 96. Ke7 Bb3 97. Kf8 Ba4 98. Ke8 Bb3 99. Kd7 Ba4 100. Bd2 Kg6 101. Be3 Kh7 102. Kc6 Kg6 103. Kc5 Kh7 104. Kd5 Kg6 105. Ke5 Kh7 106. Kf5 Bc2+ 107. Kg5 1/2-1/2


[Site "https://www.chess.com"]

[Event "Titled Tuesday Blitz April 4 Early 2023"]
[White "Namitbir Singh Walia"]
[Black "Matinian, Nikita"]
[WhiteFideId "35071068"]
[BlackFideId "24129100"]
[WhiteElo "2239"]
[BlackElo "2422"]
[Result "1/2-1/2"]
[Round "05"]
[TimeControl "180+2"]
[Date "2023.04.04"]
[WhiteClock "0:00:09"]
[BlackClock "0:00:07"]

1. e4 c5 2. Nf3 e6 3. d4 cxd4 4. Nxd4 Nc6 5. Nb5 d6 6. c4 Nf6 7. N1c3 a6 8. Na3 Be7 9. Be2 O-O 10. Be3 b6 11. O-O Bb7 12. f3 Ne5 13. Rc1 Rc8 14. Qd4 Nfd7 15. f4 Ng6 16. Bf3 e5 17. fxe5 dxe5 18. Qd3 Bc5 19. Rfd1 Nf4 20. Qd2 Qg5 21. Kh1 Bxe3 22. Qxe3 Nf6 23. Nd5 Bxd5 24. exd5 Ng4 25. Bxg4 Qxg4 26. Rd2 f6 27. Qxb6 e4 28. Re1 Nd3 29. Ree2 Qf4 30. Qe3 Qf1+ 31. Qg1 Qf4 32. Qe3 Qf1+ 33. Qg1 Qf5 34. Qe3 Rfe8 35. d6 Qf1+ 36. Qg1 Qf5 37. Qd4 Rcd8 38. c5 Qxc5 39. Qxc5 Nxc5 40. Nc4 f5 41. g3 Kf7 42. Rd5 Nd7 43. Rxf5+ Nf6 44. Ra5 Rd7 45. Rxa6 Ke6 46. b3 Rc8 47. Ra5 h6 48. Re5+ Kf7 49. Kg2 Rxc4 50. bxc4 Rxd6 51. c5 Ra6 52. Rf5 Ke6 53. Rxf6+ Kxf6 54. Rxe4 Rxa2+ 55. Kh3 Rc2 56. Rf4+ Kg6 57. Rg4+ Kh7 58. Rd4 Rxc5 59. Rd7 Rc2 60. Re7 Kg6 61. Ra7 Kf6 62. Ra5 g6 63. Ra6+ Kg5 64. Ra5+ Kf6 65. Ra6+ Kg5 66. Ra5+ Kf6 1/2-1/2


[Site "https://www.chess.com"]

[Event "Titled Tuesday Blitz April 4 Early 2023"]
[White "Jessel, Stephen"]
[Black "Andreev, Konstantin"]
[WhiteFideId "628859"]
[BlackFideId "24239305"]
[WhiteElo "2268"]
[BlackElo "2106"]
[Result "0-1"]
[Round "05"]
[TimeControl "180+2"]
[Date "2023.04.04"]
[WhiteClock "0:00:01"]
[BlackClock "0:00:20"]

1. Nf3 Nf6 2. g3 b5 3. Bg2 Bb7 4. O-O e6 5. b3 Be7 6. a4 b4 7. Bb2 O-O 8. d3 c5 9. Nbd2 d5 10. e4 dxe4 11. Ng5 h6 12. Ngxe4 Nxe4 13. Nxe4 Nd7 14. Qg4 e5 15. Qe2 Qc7 16. f4 exf4 17. Rxf4 Rae8 18. Qg4 Ne5 19. Qf5 Ng6 20. Rf2 Bxe4 21. Bxe4 Bg5 22. Kh1 Be3 23. Re2 Bd4 24. Bxd4 cxd4 25. Rf1 Re5 26. Qf3 Qd6 27. Ref2 Ne7 28. g4 Qd7 29. Qg3 Rg5 30. h3 f5 31. Bf3 fxg4 32. hxg4 Ng6 33. Be4 Rxg4 34. Rxf8+ Nxf8 35. Qh2 Qe7 36. Bf5 Rh4 37. Bh3 Qe3 0-1


[Site "https://www.chess.com"]

[Event "Titled Tuesday Blitz April 4 Early 2023"]
[White "Bacrot, Etienne"]
[Black "M_Bozorov"]
[WhiteFideId "605506"]
[WhiteElo "2663"]
[BlackElo "2458"]
[Result "1-0"]
[Round "05"]
[TimeControl "180+2"]
[Date "2023.04.04"]
[WhiteClock "0:00:53"]
[BlackClock "0:00:04"]

1. d4 Nf6 2. Nf3 c5 3. d5 d6 4. Nc3 g6 5. e4 Bg7 6. Bb5+ Bd7 7. a4 O-O 8. h3 a6 9. Bc4 e5 10. g4 Bc8 11. Be3 Nbd7 12. Qd2 Rb8 13. a5 b5 14. axb6 Nxb6 15. Be2 Ne8 16. g5 Nc7 17. h4 Nb5 18. Nxb5 axb5 19. h5 Nc4 20. Bxc4 bxc4 21. h6 Bh8 22. Qc3 Qb6 23. Nd2 Ba6 24. Qa5 Qxb2 25. Qxa6 f5 26. gxf6 Bxf6 27. O-O Be7 28. Qxc4 Rb4 29. Rfb1 1-0


[Site "https://www.chess.com"]

[Event "Titled Tuesday Blitz April 4 Early 2023"]
[White "Jain Kashish Manoj"]
[Black "Kollars, Dmitrij"]
[WhiteFideId "35081098"]
[BlackFideId "12909572"]
[WhiteElo "2191"]
[BlackElo "2584"]
[Result "1/2-1/2"]
[Round "05"]
[TimeControl "180+2"]
[Date "2023.04.04"]
[WhiteClock "0:00:06"]
[BlackClock "0:00:33"]

1. Nf3 Nf6 2. e3 d5 3. b3 Bf5 4. Bb2 e6 5. c4 c6 6. Be2 Nbd7 7. O-O h6 8. d4 Bd6 9. Nbd2 Qe7 10. Ne5 O-O 11. f4 Ne4 12. Nxe4 Bxe4 13. Bd3 Nf6 14. c5 Bc7 15. b4 Bxd3 16. Nxd3 Ne4 17. a4 a6 18. Nf2 Nf6 19. Qd3 b6 20. Bc3 Rfb8 21. Rfb1 bxc5 22. bxc5 a5 23. Nd1 Qd8 24. Rxb8 Rxb8 25. Rb1 Ne4 26. Be1 g5 27. g3 Qc8 28. Nc3 f5 29. Rxb8 Bxb8 30. Qb1 Bc7 31. Nxe4 fxe4 32. Kf2 Qa6 33. Qd1 gxf4 34. gxf4 Qc8 35. Qg4+ Kh7 36. Kg2 Qe8 37. Bh4 Qf7 38. h3 Qe8 39. Be1 Bd8 40. h4 h5 41. Qg3 Qf7 42. Qh3 Qg6+ 43. Kh2 Qf7 44. Qg2 Qb7 45. Qh3 Qd7 46. Qg2 Qe8 47. Qh3 Kg8 48. Kg2 Qf7 49. Kh2 Kf8 50. Qg3 Ke8 51. Qh3 Kd7 52. Qf1 Qg6 53. Qg2 Qf5 54. Qh3 Qf7 55. Qf1 Qg6 56. Qg2 Qe8 57. Qf1 Ke7 58. Qg1 Kf7 59. Qf1 Qd7 60. Qe2 Kg6 61. Qg2+ Kh7 62. Qh3 Qb7 63. Qxe6 Qb2+ 64. Kg1 Qe2 65. Qf7+ Kh6 66. Qf8+ Kh7 67. Qf7+ Kh6 68. Qf8+ Kg6 69. f5+ Kh7 70. Qf7+ Kh8 71. Qf8+ Kh7 72. Qf7+ Kh8 73. Qf8+ Kh7 1/2-1/2


[Site "https://www.chess.com"]

[Event "Titled Tuesday Blitz April 4 Early 2023"]
[White "Berezin, Viktor"]
[Black "Makarian, Rudik"]
[WhiteFideId "14107872"]
[BlackFideId "44105681"]
[WhiteElo "2310"]
[BlackElo "2430"]
[Result "1-0"]
[Round "05"]
[TimeControl "180+2"]
[Date "2023.04.04"]
[WhiteClock "0:00:17"]
[BlackClock "0:00:03"]

1. d4 Nf6 2. Nf3 c5 3. d5 b5 4. c4 b4 5. Qc2 g6 6. e4 d6 7. Bd3 Bg7 8. h3 O-O 9. O-O e5 10. a3 a5 11. axb4 cxb4 12. c5 dxc5 13. Qxc5 Nbd7 14. Qc2 Nh5 15. Bb5 Nf4 16. Bxf4 exf4 17. Bc6 Ra7 18. Nbd2 Ne5 19. Nxe5 Bxe5 20. Nc4 Bg7 21. Nd2 g5 22. Qc5 Re7 23. Rxa5 Re5 24. Qxb4 g4 25. hxg4 Bxg4 26. Rfa1 Qh4 27. f3 Rh5 28. Ra8 Qh2+ 29. Kf2 Bh3 30. Rxf8+ Bxf8 31. Ra8 Qxg2+ 32. Ke1 Qg1+ 33. Ke2 Qg7 34. Kd3 Rg5 35. d6 h5 36. d7 Bxd7 37. Bxd7 h4 38. Qe7 Rg6 39. Kc2 h3 40. Bxh3 Rc6+ 41. Kb1 Rb6 42. Nc4 Rh6 43. Bf5 Rh1+ 44. Ka2 Rh2 45. e5 Rf2 46. e6 fxe6 47. Bxe6+ Kh7 48. Qh4+ Kg6 49. Qxf2 Qb7 50. Rxf8 Qa6+ 51. Kb1 Qxe6 52. Rxf4 Qd5 53. Qd4 Kh5 54. Qxd5+ Kg6 1-0


[Site "https://www.chess.com"]

[Event "Titled Tuesday Blitz April 4 Early 2023"]
[White "Horak, Martin"]
[Black "Lobanov, Sergei"]
[WhiteFideId "367095"]
[BlackFideId "24183750"]
[WhiteElo "2091"]
[BlackElo "2489"]
[Result "1-0"]
[Round "05"]
[TimeControl "180+2"]
[Date "2023.04.04"]
[WhiteClock "0:00:03"]
[BlackClock "0:00:04"]

1. e4 e5 2. f4 d5 3. exd5 exf4 4. Nf3 Nf6 5. Bb5+ c6 6. dxc6 Nxc6 7. d4 Bd6 8. O-O O-O 9. c3 Ne7 10. Nbd2 Be6 11. Bd3 Qc7 12. Qc2 h6 13. Ne4 Nxe4 14. Bxe4 Rac8 15. Bd2 b5 16. Rae1 b4 17. Ne5 Bxe5 18. Bh7+ Kh8 19. Rxe5 bxc3 20. bxc3 g6 21. Rxe6 fxe6 22. Bxg6 Nxg6 23. Qxg6 Qg7 24. Qxe6 Rce8 25. Qh3 Re2 26. Bxf4 Kg8 27. Be5 Rxf1+ 28. Kxf1 Rxe5 29. dxe5 Qf7+ 30. Qf3 Qxa2 31. Qg4+ Kf7 32. Qf5+ Ke8 33. e6 Qc4+ 34. Kf2 Qc7 35. h3 Qb6+ 36. Kg3 Qc7+ 37. Kh4 Qe7+ 38. Kh5 Qg7 39. Qg6+ Qxg6+ 40. Kxg6 a6 41. Kf5 a5 42. Ke4 Ke7 43. Kd3 Kxe6 44. Kc4 Ke5 45. Kb5 Ke4 46. c4 Kd3 47. c5 1-0


[Site "https://www.chess.com"]

[Event "Titled Tuesday Blitz April 4 Early 2023"]
[White "Timofeev, Artyom"]
[Black "Demin, Vladimir"]
[WhiteFideId "4140419"]
[BlackFideId "4167457"]
[WhiteElo "2586"]
[BlackElo "2552"]
[Result "1-0"]
[Round "05"]
[TimeControl "180+2"]
[Date "2023.04.04"]
[WhiteClock "0:00:50"]
[BlackClock "0:00:08"]

1. c4 e6 2. Nc3 d5 3. d4 c5 4. Nf3 Nf6 5. cxd5 cxd4 6. Nxd4 Nxd5 7. e4 Nxc3 8. bxc3 Nc6 9. Nxc6 Qxd1+ 10. Kxd1 bxc6 11. Be3 Bd6 12. Kc2 Ke7 13. Bc4 f5 14. exf5 exf5 15. Rhe1 Kd7 16. Bd4 Re8 17. Bxg7 Rxe1 18. Rxe1 Kc7 19. Be5 Bd7 20. f4 a5 21. Re3 Bxe5 22. Rxe5 a4 23. Re7 Kd6 24. Rxh7 Re8 25. g3 Re3 26. Kd2 Rf3 27. Be2 Rf2 28. Ke1 Rg2 29. Kf1 1-0


[Site "https://www.chess.com"]

[Event "Titled Tuesday Blitz April 4 Early 2023"]
[White "Real_OceanStorm"]
[Black "Buksa, Nataliya"]
[BlackFideId "14123622"]
[WhiteElo "2799"]
[BlackElo "2316"]
[Result "1-0"]
[Round "05"]
[TimeControl "180+2"]
[Date "2023.04.04"]
[WhiteClock "0:01:04"]
[BlackClock "0:00:06"]

1. g3 d5 2. Bg2 Nf6 3. b3 b5 4. Bb2 Bb7 5. c4 bxc4 6. bxc4 e6 7. d3 Bb4+ 8. Nd2 O-O 9. Nf3 Nbd7 10. O-O Rb8 11. Rb1 a5 12. cxd5 Bxd5 13. e4 Bxa2 14. Ra1 Bxd2 15. Qxd2 Bb3 16. Rxa5 c5 17. Rfa1 Qb6 18. Ne5 h6 19. Ra6 Qb5 20. Nc6 Rbe8 21. R1a5 Qb7 22. f4 Ra8 23. Rxa8 Rxa8 24. Rxa8+ Qxa8 25. e5 Nd5 26. Na5 Qb8 27. Be4 Ba2 28. Bc1 Qb1 29. Nc6 N7b6 30. Kf2 Na4 31. f5 Nac3 32. f6 Nxe4+ 33. dxe4 Qxe4 34. Ne7+ Kh7 35. fxg7 Qd4+ 36. Qxd4 cxd4 37. g8=Q# 1-0


[Site "https://www.chess.com"]